 Dungeon Crawl Stone Soup version 0.32-a0-450-g080537f31e (webtiles) character file.

Game seed: 405179575750514704

48 javelincjr the Trooper (level 3, 0/30 HPs)
             Began as a Demonspawn Monk on Feb 23, 2024.
             Slain by Terence
             ... wielding a +0 mace
              (7 damage)
             ... on level 2 of the Dungeon.
             The game lasted 00:04:18 (1010 turns).

javelincjr the Trooper (Demonspawn Monk)            Turns: 1010, Time: 00:04:18

Health: 0/30       AC:  4    Str: 13    XL:     3   Next: 50%
Magic:  3/3        EV: 13    Int: 10    God:
Gold:   38         SH:  0    Dex: 15    Spells: 2/2 levels left

rFire   . . .        m - +0 whip (venom)
rCold   . . .        d - orb {light}
rNeg    . . .        j - +0 leather armour
rPois   .            (helmet restricted)
rElec   .            (no cloak)
rCorr   .            (no gloves)
SInv    .            i - +0 pair of boots
Will    +....        (no amulet)
Stlth   +            f - ring of willpower
HPRegen 0.25/turn    (no ring)
MPRegen 0.08/turn

%: no passive effects
@: glowing
A: horns 1, sturdy frame 1
a: no special abilities


You were on level 2 of the Dungeon.
You visited 1 branch of the dungeon, and saw 2 of its levels.

You collected 38 gold pieces.

Inventory:

Hand Weapons
 a - a +0 hand axe
 m - a +0 whip of venom (weapon)
Missiles
 n - 3 stones (quivered)
Armour
 b - a +0 robe
 d - an orb of light (worn)
 i - a +0 pair of boots (worn)
 j - a +0 leather armour (worn)
Magical Staves
 l - a staff of fire
Jewellery
 f - a ring of willpower (left hand)
Talismans
 e - a serpent talisman
Scrolls
 g - 2 scrolls of identify {unknown}
 h - a scroll of revelation {unknown}
Potions
 c - a potion of ambrosia
 k - a potion of brilliance {unknown}


   Skills:
 * Level 3.6 Fighting
 + Level 3.1 Axes
 + Level 0.7 Armour
 + Level 3.1 Dodging


You had 2 spell levels left.
You didn't know any spells.
Your spell library contained the following spells:

 Spells                   Type           Power      Damage    Failure   Level
 Magic Dart               Conj           0%         1d3       36%         1
 Blink                    Tloc           0%         N/A       52%         2
 Call Imp                 Summ           0%         N/A       52%         2


Dungeon Overview and Level Annotations

Branches:
Dungeon (2/15)

Altars:

Shops:
D:1 !

Annotations:
D:2 Terence


Innate Abilities, Weirdness & Mutations

You have a pair of small horns on your head.
Your movements are slightly less encumbered by armour. (ER -2)


Message History

a +0 whip of venom; 3 stones; a kobold corpse
m - a +0 whip of venom;
n - 3 stones You feel sick.
Your +0 whip of venom begins to drip with poison!
m - a +0 whip of venom (weapon)
You feel sick.
There is a stone staircase leading down here.
You start resting.
You feel sick.
You are no longer poisoned.
You start resting.
HP restored.
You climb downwards.
Level annotation: Terence Terence hits you with a +0 mace!
There is a stone staircase leading up here.
You hit Terence. You headbutt Terence, but do no damage.
Terence is lightly wounded.
Terence hits you with a +0 mace!
You hit Terence but do no damage.
Terence is poisoned.
Terence is lightly wounded.
Terence hits you but does no damage.
You hit Terence.
Terence is moderately wounded.
Terence misses you.
You hit Terence.
Terence looks even sicker.
Your headbutt misses Terence.
Terence is heavily wounded.
Terence hits you but does no damage.
You hit Terence. You headbutt Terence, but do no damage.
Terence is severely wounded.
Terence hits you with a +0 mace.
You hit Terence but do no damage.
Terence is almost dead.
Terence hits you with a +0 mace.
* * * LOW HITPOINT WARNING * * *
You barely miss Terence.
Terence is almost dead.
Terence says, "Did you write a will?
You should..."
Terence hits you with a +0 mace!
You die...
Terence says, "Rest in peace."

#..####.#...# .#.
#..#........###..@.
#..#...............
............###..#.
...........# ...
...####.#.....K..#
..
........#........#
. #.#........#
#@###...##.##
#.@.......†.#
###÷........#
#......#......
#.#...##.##.##
#.##.###.# .#
...### #.# # ....
..# ##...# ..


You could see Terence (very poisoned).

Vanquished Creatures
  2 adders (D:2)
  2 dart slugs
  A bat (D:2)
  4 endoplasms (D:1)
  3 giant cockroaches
  3 kobolds (D:1)
  A quokka (D:1)
  5 ball pythons (D:1)
  A frilled lizard (D:1)
  2 rats (D:1)
24 creatures vanquished.

Notes
Turn   | Place    | Note
-------+----------+-------------------------------------------
     0 | D:1      | javelincjr the Demonspawn Monk began the quest for the Orb.
     0 | D:1      | Reached XP level 1. HP: 18/18 MP: 1/1
   138 | D:1      | Gained mutation: Your movements are slightly less
                  | encumbered by armour. (ER -2) [demonic ancestry]
   138 | D:1      | Reached XP level 2. HP: 24/24 MP: 2/2
   158 | D:1      | Found Joupn's Distillery.
   777 | D:2      | Gained mutation: You have a pair of small horns on your
                  | head. [demonic ancestry]
   777 | D:2      | Reached XP level 3. HP: 10/29 MP: 3/3
   941 | D:2      | Noticed Terence
  1010 | D:2      | Slain by Terence

Illustrated notes

Levels and vault maps discovered:
D:1:      onia_arrival_handbag, layout_loops_cross, serial_shops,
          nicolae_shop_trees, nrook_mini_vaults, hangedman_decor_clover_reticule
D:2:      layout_loops_ring, basic_altar, st_stairs_11, uniq_terence, uniq_robin

Skill      XL: |  1  2 |
---------------+-------+-----
Axes           | 3 |  3.1
Dodging        | 3 |  3.1
Fighting       | |  3.6
Armour         | |  0.7

Action                     || total
---------------------------++-------
  Melee: Hand axe          ||    83
         Whip              ||     7
         Headbutt          ||     4
 Armour: Robe              ||    15
         Leather armour    ||    37
  Dodge: Dodged            ||    49

Table legend: (Time is in decaauts)
 A = Elapsed time spent in this place.
 B = Non-inter-level travel time spent in this place.
 C = Inter-level travel time spent in this place.
 D = Time resting spent in this place.
 E = Time spent auto-exploring this place.
 F = Levels seen in this place.
 G = Mean time per level.
                   A        B        C        D        E       F      G
               +--------+--------+--------+--------+--------+-----+--------+
         Total |   1022 |   1012 |     10 |    147 |    617 |   2 |  511.0 |
       Dungeon |   1022 |   1012 |     10 |    147 |    617 |   2 |  511.0 |
               +--------+--------+--------+--------+--------+-----+--------+

Top non-repeatable levels by time:
     D:1: 918 daAuts
     D:2: 104 daAuts
